 Dungeon Sprint DCSS version 0.30-a0-311-gf115ab0292 (webtiles) character file.

Game seed: 650943489339219345

469 wilfster70 the Cleaver (level 6, -15/56 HPs)
             Began as a Demonspawn Fighter on Oct 25, 2022.
             Was an Initiate of Okawaru.
             Killed from afar by a gargoyle (20 damage)
             ... with a stone arrow
             ... in the Dungeon (Sprint IX: "|||||||||||||||||||||||||||||").
             The game lasted 00:02:04 (313 turns).

wilfster70 the Cleaver (Demonspawn Fighter)          Turns: 313, Time: 00:02:04

Health: -15/56     AC: 17    Str: 21    XL:     6   Next: 82%
Magic:  6/9        EV:  7    Int: 10    God:    Okawaru [......]
Gold:   0          SH:  5    Dex: 15    Spells: 5/5 levels left

rFire   . . .      SeeInvis .    a - +1 broad axe (freeze)
rCold   . . .      Faith    .    c - +0 buckler
rNeg    . . .      Spirit   .    p - +1 chain mail
rPois   .          Reflect  .    o - +0 helmet
rElec   .          Harm     .    m - +0 cloak
rCorr   .          Rampage  .    (no gloves)
Will    .....      NoTele   +    (no boots)
Stlth   ..........               (no amulet)
HPRegen 0.29/turn                n - +3 ring of dexterity
MPRegen 0.11/turn                q - +3 ring of strength

@: mighty
A: yellow scales 2, powered by death 1, demonic magic 1
a: Renounce Religion


You were in the Dungeon.
You worshipped Okawaru.
Okawaru was noncommittal.
You visited 1 branch

Inventory:

Hand Weapons
 a - a +1 broad axe of freezing (weapon)
 b - a +2 scimitar of flaming
Armour
 c - a +0 buckler (worn)
 m - a +0 cloak (worn)
 o - a +0 helmet (worn)
 p - a +1 chain mail (worn)
Jewellery
 n - a +3 ring of dexterity (left hand)
 q - a +3 ring of strength (right hand)
Wands
 l - a wand of light (10)
Scrolls
 j - 2 scrolls of blinking
 k - 2 scrolls of amnesia
Potions
 e - 5 potions of curing
 f - 3 potions of heal wounds
 g - a potion of haste
 h - 4 potions of magic
 i - a potion of invisibility


   Skills:
 + Level 7.8 Fighting
 * Level 9.1 Axes
 + Level 6.8 Armour
 - Level 4.0 Shields
 + Level 4.5 Invocations


You had 5 spell levels left.
You didn't know any spells.
Your spell library was empty.

Dungeon Overview and Level Annotations

Branches:
Dungeon (1/1)

Altars:
Cheibriados
Dithmenos
Fedhas
Gozag
Hepliaklqana
Kikubaaqudgha
Makhleb
Nemelex Xobeh
Okawaru
Qazlal
Ru
Sif Muna
Trog
Uskayaw
Vehumet
Wu Jian
Xom
Yredelemnul
Jiyva
Lugonu


Innate Abilities, Weirdness & Mutations

You are mostly covered in yellow scales. (AC +3)
You regenerate a little health from kills.
Spells you cast may paralyse adjacent enemies.


Message History

You barely miss the orc priest.
The orc priest is severely wounded.
The orc priest mumbles some strange prayers to Beogh against you.
Beogh smites you!
You barely miss the orc priest.
The orc priest is severely wounded.
The orc priest invokes the aid of Beogh against you.
You barely resist. You slash the orc priest! You freeze the orc priest.
You kill the orc priest!
Okawaru accepts your kill.
The wight hits you with a +2 long sword.
You feel drained.
Your life force feels restored.
You closely miss the wight. The wight hits you but does no damage.
You slash the wight! You freeze the wight.
The wight is almost destroyed.
The wight hits you with a +2 long sword.
You slash the wight!
You destroy the wight!
Okawaru accepts your kill.
The killer bee stings you but does no damage.
Your Invocations skill increases to level 4!
You miss the killer bee. The killer bee closely misses you.
The killer bee stings you but does no damage. x2
You closely miss the killer bee.
The killer bee stings you but does no damage.
The killer bee completely misses you.
You closely miss the killer bee. You block the killer bee's attack.
The killer bee stings you but does no damage. x2
You slash the killer bee! You freeze the killer bee.
You kill the killer bee!
Okawaru accepts your kill.
The gargoyle hurls a stone arrow at you.
The stone arrow hits you!!
* * * LOW HITPOINT WARNING * * *
Your Axes skill increases to level 9!
The gargoyle hurls a stone arrow at you.
The stone arrow hits you!!
You die... ▓▓▓▓▓▓▓▓▓▓▓▓▓▓▓▓▓▓▓▓▓▓▓▓ ______'..)...[..@9.....+ ▓▓▓▓▓▓▓▓▓▓▓▓▓▓▓▓▓▓▓▓▓▓▓▓

You could see a gargoyle.

Vanquished Creatures
  An orc warrior (D)
  An ice beast (D)
  2 necrophages (D)
  A wight (D)
  A killer bee (D)
  An orc priest (D)
  An iguana (D)
  An endoplasm (D)
  2 goblins (D)
  A hobgoblin (D)
  A quokka (D)
  A rat (D)
14 creatures vanquished.

Notes
Turn   | Place    | Note
-------+----------+-------------------------------------------
     0 | D        | wilfster70 the Demonspawn Fighter began the quest for the
                  | Orb.
     0 | D        | Reached XP level 1. HP: 18/18 MP: 1/1
     5 | D        | Reached skill level 2 in Axes
   121 | D        | Noticed an iguana
   121 | D        | Noticed a necrophage
   121 | D        | Noticed an ice beast
   121 | D        | Noticed a necrophage
   128 | D        | Killed an iguana
   129 | D        | Reached skill level 3 in Axes
   129 | D        | Gained mutation: You are partially covered in yellow
                  | scales. (AC +2) [demonic ancestry]
   129 | D        | Reached XP level 2. HP: 25/25 MP: 2/2
   129 | D        | Gained mutation: Spells you cast may paralyse adjacent
                  | enemies. [demonic ancestry]
   129 | D        | Reached XP level 3. HP: 30/30 MP: 3/3
   132 | D        | Killed a necrophage
   133 | D        | Reached skill level 5 in Fighting
   133 | D        | Reached skill level 5 in Axes
   133 | D        | Reached XP level 4. HP: 39/39 MP: 4/4
   149 | D        | Killed an ice beast
   150 | D        | Reached skill level 6 in Axes
   150 | D        | Reached skill level 5 in Armour
   150 | D        | Gained mutation: You are mostly covered in yellow scales.
                  | (AC +3) [demonic ancestry]
   150 | D        | Reached XP level 5. HP: 29/47 MP: 5/5
   157 | D        | Reached skill level 7 in Axes
   223 | D        | Found a snail-covered altar of Cheibriados.
   223 | D        | Found a shadowy altar of Dithmenos.
   223 | D        | Found a blossoming altar of Fedhas.
   223 | D        | Found an opulent altar of Gozag.
   224 | D        | Found a hazy altar of Hepliaklqana.
   225 | D        | Found a viscous altar of Jiyva.
   226 | D        | Found an ancient bone altar of Kikubaaqudgha.
   227 | D        | Found a corrupted altar of Lugonu.
   228 | D        | Found a burning altar of Makhleb.
   229 | D        | Found a sparkling altar of Nemelex Xobeh.
   230 | D        | Found an iron altar of Okawaru.
   231 | D        | Found a stormy altar of Qazlal.
   232 | D        | Found a sacrificial altar of Ru.
   233 | D        | Found a shimmering blue altar of Sif Muna.
   234 | D        | Found a bloodstained altar of Trog.
   235 | D        | Found a hide-covered altar of Uskayaw.
   236 | D        | Found a radiant altar of Vehumet.
   237 | D        | Found an ornate altar of the Wu Jian Council.
   238 | D        | Became a worshipper of Warmaster Okawaru
   239 | D        | Found a shimmering altar of Xom.
   240 | D        | Found a basalt altar of Yredelemnul.
   297 | D        | Noticed an orc warrior
   297 | D        | Noticed a gargoyle
   297 | D        | Noticed a shadow
   302 | D        | Killed an orc warrior
   303 | D        | Reached skill level 8 in Axes
   303 | D        | Gained mutation: You regenerate a little health from kills.
                  | [demonic ancestry]
   303 | D        | Reached XP level 6. HP: 48/55 MP: 5/8
   313 | D        | Reached skill level 9 in Axes
   313 | D        | Killed from afar by a gargoyle

Illustrated notes

Levels and vault maps discovered:
D:        linesprint [early_d, line_temple, items_1, d_10, items_2, lair_1,
          lair_end, items_3, orc_1, orc_end, items_4, d_15, swamp_1, shoals_1,
          snake_1, spider_1, d_20, vaults_1, items_5, swamp_end, shoals_end,
          snake_end, spider_end, vaults_end, d_27, items_6, zot_1, zot_end,
          crypt_end, forest_end, elf_end, slime_end, tomb_end, abyss_end,
          pan_hell_end]

Skill      XL: |  1  2  3  4  5  6 |
---------------+-------------------+-----
Axes           | 3 5 6 8 9 |  9.1
Armour         | 3 4 5 6 |  6.8
Shields        | 3 4 |  4.0
Fighting       | 4 5 6 7 |  7.8
Invocations    | 3 4 |  4.5

Action                   |  1- 3 |  4- 6 || total
-------------------------+-------+-------++-------
Melee: War axe           |    21 |    24 ||    45
       Broad axe         |       |    14 ||    14
  Use: Potion            |     1 |     1 ||     2
Armor: Scale mail        |     4 |    12 ||    16
       Chain mail        |       |     7 ||     7
Dodge: Dodged            |     3 |    14 ||    17
Block: Buckler           |     7 |    10 ||    17

Table legend: (Time is in decaauts)
 A = Elapsed time spent in this place.
 B = Non-inter-level travel time spent in this place.
 C = Inter-level travel time spent in this place.
 D = Time resting spent in this place.
 E = Time spent auto-exploring this place.
 F = Levels seen in this place.
 G = Mean time per level.
                   A        B        C        D        E       F      G
               +--------+--------+--------+--------+--------+-----+--------+
         Total |    333 |    333 |      0 |    160 |      0 |   1 |  333.0 |
       Dungeon |    333 |    333 |      0 |    160 |      0 |   1 |  333.0 |
               +--------+--------+--------+--------+--------+-----+--------+

Top non-repeatable levels by time:
       D: 333 daAuts
